| TOP OF THE 1ST |
|
Buffalo Bisons batting - Pitching for Rochester Red Wings : LHP Matt Walton
|
|
Pitching: LHP Matt Walton
|
|
|
Batting: RHB Michel Martineau
|
0-0: Ground out U3 (Groundball, 34, EV 78.8 MPH)
|
|
Batting: RHB Frank Caulfield
|
0-0: Ball 1-0: Ball 2-0: Ground out 4-3 (Groundball, 4, EV 106.9 MPH)
|
|
Batting: SHB Dominik Hasek II
|
0-0: Ball 1-0: Ball 2-0: Ball 3-0: Base on Balls
|
|
Batting: RHB Alex Ramos
|
0-0: Ball Dominik Hasek II steals 2nd base 1-0: Ball 2-0: Ball 3-0: Called Strike 3-1: SINGLE (Groundball, 4MD, EV 94.4 MPH) Dominik Hasek II to third Runner from 3rd tries for Home, SAFE, throw by CF to home
|
|
Batting: RHB Kyle Scruggs
|
0-0: Called Strike Alex Ramos is caught stealing 2nd base 2-4
|
| Top of the 1st over - 1 run, 1 hit, 0 errors, 0 left on base; Buffalo 1 - Rochester 0 |
| BOTTOM OF THE 1ST |
|
Rochester Red Wings batting - Pitching for Buffalo Bisons : RHP Douglas ten Pas
|
|
Pitching: RHP Douglas ten Pas
|
|
|
Batting: RHB Cyril Husson
|
0-0: Ball 1-0: Called Strike 1-1: Foul Ball, location: 2F 1-2: Strikes out swinging
|
|
Batting: SHB Ian Thompson
|
0-0: Foul Ball, location: 2F 0-1: Foul Ball, location: 2F 0-2: Strikes out swinging
|
|
Batting: LHB Chris Munguia
|
0-0: Foul Ball, location: 2F 0-1: DOUBLE (Line Drive, 3D, EV 108.1 MPH)
|
|
Batting: LHB Jayden Thomas
|
0-0: Fly out, F8 (Flyball, 8LD, EV 101.2 MPH)
|
| Bottom of the 1st over - 0 runs, 1 hit, 0 errors, 1 left on base; Buffalo 1 - Rochester 0 |
| TOP OF THE 2ND |
|
Buffalo Bisons batting - Pitching for Rochester Red Wings : LHP Matt Walton
|
|
Batting: RHB Kyle Scruggs
|
0-0: Called Strike 0-1: Called Strike 0-2: Foul Ball, location: 2F 0-2: Ball 1-2: Ground out 4-3 (Groundball, 4S, EV 82.5 MPH)
|
|
Batting: RHB Leo Mair
|
0-0: Called Strike 0-1: Ball 1-1: Ball 2-1: DOUBLE (Line Drive, 9LS, EV 110.0 MPH)
|
|
Batting: LHB Gabe Pace
|
0-0: Ground out 2-3 (Groundball, 15S, EV 59.4 MPH) Leo Mair to third
|
|
Batting: RHB Väinö Tapaninen
|
0-0: Called Strike 0-1: Swinging Strike 0-2: Foul Ball, location: 2F 0-2: Ball 1-2: Ground out 6-3 (Groundball, 6, EV 98.1 MPH)
|
| Top of the 2nd over - 0 runs, 1 hit, 0 errors, 1 left on base; Buffalo 1 - Rochester 0 |
| BOTTOM OF THE 2ND |
|
Rochester Red Wings batting - Pitching for Buffalo Bisons : RHP Douglas ten Pas
|
|
Batting: RHB Juan Espinoza
|
0-0: Ball 1-0: Ball 2-0: Foul Ball, location: 2F 2-1: Ball 3-1: Foul Ball, location: 2F 3-2: Strikes out looking
|
|
Batting: SHB Manny Molina
|
0-0: Ball 1-0: Swinging Strike 1-1: Ground out 1-3 (Groundball, P, EV 70.0 MPH)
|
|
Batting: RHB Manuel Juarez
|
0-0: Ball 1-0: Swinging Strike 1-1: Fly out, F8 (Flyball, 8RM, EV 91.2 MPH)
|
| Bottom of the 2nd over - 0 runs, 0 hits, 0 errors, 0 left on base; Buffalo 1 - Rochester 0 |
| TOP OF THE 3RD |
|
Buffalo Bisons batting - Pitching for Rochester Red Wings : LHP Matt Walton
|
|
Batting: RHB Bryan Peterson
|
0-0: Ball 1-0: Ball 2-0: Ball 3-0: Base on Balls
|
|
Batting: RHB Michel Martineau
|
0-0: Ball 1-0: Foul Ball, location: 2F 1-1: Foul Ball, location: 2F 1-2: Ball 2-2: Fielders Choice at 2nd, 4-6 (Groundball, 13, EV 83.1 MPH)
|
|
Batting: RHB Frank Caulfield
|
0-0: Ball 1-0: Ball 2-0: Called Strike Michel Martineau is caught stealing 2nd base 2-4 2-1: Ground out 6-3 (Groundball, 6MS, EV 78.1 MPH)
|
| Top of the 3rd over - 0 runs, 0 hits, 0 errors, 0 left on base; Buffalo 1 - Rochester 0 |
| BOTTOM OF THE 3RD |
|
Rochester Red Wings batting - Pitching for Buffalo Bisons : RHP Douglas ten Pas
|
|
Batting: RHB Mike Craver
|
0-0: Ball 1-0: Ball 2-0: Ball 3-0: Called Strike 3-1: Foul Ball, location: 2F 3-2: Base on Balls
|
|
Batting: RHB Ryan Gautney
|
0-0: Ball 1-0: Ball 2-0: Foul Ball, location: 2F 2-1: Grounds into double play, 6-4-3 (Groundball, 6, EV 85.6 MPH)
|
|
Batting: RHB Cyril Husson
|
0-0: Called Strike 0-1: Ground out 6-3 (Groundball, 6, EV 88.1 MPH)
|
| Bottom of the 3rd over - 0 runs, 0 hits, 0 errors, 0 left on base; Buffalo 1 - Rochester 0 |
| TOP OF THE 4TH |
|
Buffalo Bisons batting - Pitching for Rochester Red Wings : LHP Matt Walton
|
|
Batting: SHB Dominik Hasek II
|
0-0: Ball 1-0: Reaches on Catchers interference
|
|
Batting: RHB Alex Ramos
|
0-0: Ball 1-0: Called Strike 1-1: TRIPLE (Flyball, 78XD, EV 108.8 MPH) Dominik Hasek II scores
|
|
Batting: RHB Kyle Scruggs
|
0-0: Ball 1-0: Called Strike 1-1: Foul Ball, location: 2F 1-2: Strikes out swinging
|
|
Batting: RHB Leo Mair
|
0-0: Ball 1-0: Ball 2-0: Swinging Strike 2-1: Ball 3-1: Swinging Strike 3-2: Strikes out swinging
|
|
Batting: LHB Gabe Pace
|
0-0: Ball 1-0: Foul Ball, location: 2F 1-1: Called Strike 1-2: Strikes out swinging
|
| Top of the 4th over - 1 run, 1 hit, 1 error, 1 left on base; Buffalo 2 - Rochester 0 |
| BOTTOM OF THE 4TH |
|
Rochester Red Wings batting - Pitching for Buffalo Bisons : RHP Douglas ten Pas
|
|
Batting: SHB Ian Thompson
|
0-0: Called Strike 0-1: Foul Ball, location: 2F 0-2: Strikes out swinging, 2-3 out at first.
|
|
Batting: LHB Chris Munguia
|
0-0: Swinging Strike 0-1: Ball 1-1: Ball 2-1: Foul Ball, location: 2F 2-2: Strikes out swinging
|
|
Batting: LHB Jayden Thomas
|
0-0: Ball 1-0: Called Strike 1-1: Swinging Strike 1-2: Ball 2-2: Strikes out swinging
|
| Bottom of the 4th over - 0 runs, 0 hits, 0 errors, 0 left on base; Buffalo 2 - Rochester 0 |
| TOP OF THE 5TH |
|
Buffalo Bisons batting - Pitching for Rochester Red Wings : LHP Matt Walton
|
|
Batting: RHB Väinö Tapaninen
|
0-0: Ball 1-0: Ball 2-0: Ball 3-0: Called Strike 3-1: Base on Balls
|
|
Batting: RHB Bryan Peterson
|
0-0: Ball 1-0: Ball 2-0: Called Strike 2-1: Foul Ball, location: 2F 2-2: SINGLE (Groundball, 6S, EV 66.2 MPH) (infield hit) Väinö Tapaninen to second
|
|
Batting: RHB Michel Martineau
|
0-0: Swinging Strike 0-1: Ball 1-1: Foul Ball, location: 2F 1-2: Ball 2-2: Foul Ball, location: 2F 2-2: Ball 3-2: Strikes out swinging
|
|
Batting: RHB Frank Caulfield
|
0-0: Ball Väinö Tapaninen steals 3rd base 1-0: Called Strike 1-1: Ball 2-1: Foul Ball, location: 2F 2-2: Ball 3-2: SINGLE (Line Drive, 9LS, EV 106.9 MPH) Väinö Tapaninen scores Bryan Peterson to second
|
|
Batting: SHB Dominik Hasek II
|
0-0: Called Strike 0-1: Ball 1-1: Ball 2-1: Called Strike 2-2: Ball 3-2: Strikes out swinging
|
|
Batting: RHB Alex Ramos
|
0-0: Ball 1-0: Called Strike 1-1: Ball 2-1: Foul Ball, location: 2F 2-2: Foul Ball, location: 2F 2-2: Ball 3-2: SINGLE (Groundball, 34D, EV 106.9 MPH) Bryan Peterson to third Frank Caulfield to second Bryan Peterson scores Frank Caulfield to third
|
|
Pitching: RHP Justin Gorden
|
|
|
Batting: RHB Kyle Scruggs
|
0-0: Called Strike 0-1: Fielders Choice at 2nd, U4 (Groundball, 4M, EV 77.5 MPH)
|
| Top of the 5th over - 2 runs, 3 hits, 0 errors, 2 left on base; Buffalo 4 - Rochester 0 |
| BOTTOM OF THE 5TH |
|
Rochester Red Wings batting - Pitching for Buffalo Bisons : RHP Douglas ten Pas
|
|
Batting: RHB Juan Espinoza
|
0-0: Fly out, F8 (Flyball, 8RM, EV 91.9 MPH)
|
|
Batting: SHB Manny Molina
|
0-0: Called Strike 0-1: Foul Ball, location: 2F 0-2: Foul Ball, location: 2F 0-2: Ball 1-2: Foul Ball, location: 2F 1-2: Strikes out swinging
|
|
Batting: RHB Manuel Juarez
|
0-0: Called Strike 0-1: Fly out, F9 (Line Drive, 9LM, EV 93.8 MPH)
|
| Bottom of the 5th over - 0 runs, 0 hits, 0 errors, 0 left on base; Buffalo 4 - Rochester 0 |
| TOP OF THE 6TH |
|
Buffalo Bisons batting - Pitching for Rochester Red Wings : RHP Justin Gorden
|
|
Batting: RHB Leo Mair
|
0-0: Called Strike 0-1: Foul Ball, location: 2F 0-2: Fly out, F3 (Popup, 3SF, EV 75.6 MPH)
|
|
Batting: LHB Gabe Pace
|
0-0: Called Strike 0-1: Called Strike 0-2: Ball 1-2: Ball 2-2: Ball 3-2: Base on Balls
|
|
Batting: RHB Väinö Tapaninen
|
0-0: Foul Ball, location: 2F 0-1: Ball 1-1: Ball 2-1: Grounds into double play, 6-4-3 (Groundball, 6, EV 88.8 MPH)
|
| Top of the 6th over - 0 runs, 0 hits, 0 errors, 0 left on base; Buffalo 4 - Rochester 0 |
| BOTTOM OF THE 6TH |
|
Rochester Red Wings batting - Pitching for Buffalo Bisons : RHP Douglas ten Pas
|
|
Batting: RHB Mike Craver
|
0-0: Ball 1-0: Foul Ball, location: 2F 1-1: Fly out, F7 (Line Drive, 78M, EV 98.8 MPH)
|
|
Batting: RHB Ryan Gautney
|
0-0: Called Strike 0-1: Ball 1-1: Ball 2-1: Ball 3-1: Called Strike 3-2: Ground out 6-3 (Groundball, 6, EV 100.0 MPH)
|
|
Batting: RHB Cyril Husson
|
0-0: Ball 1-0: DOUBLE (Line Drive, 8RXD, EV 108.1 MPH)
|
|
Batting: SHB Ian Thompson
|
0-0: Ball 1-0: Called Strike 1-1: Swinging Strike 1-2: Ball 2-2: Strikes out swinging
|
| Bottom of the 6th over - 0 runs, 1 hit, 0 errors, 1 left on base; Buffalo 4 - Rochester 0 |
| TOP OF THE 7TH |
|
Buffalo Bisons batting - Pitching for Rochester Red Wings : RHP Justin Gorden
|
|
Batting: RHB Bryan Peterson
|
0-0: Foul Ball, location: 2F 0-1: Ball 1-1: Swinging Strike 1-2: Foul Ball, location: 2F 1-2: Strikes out swinging
|
|
Batting: RHB Michel Martineau
|
0-0: Ball 1-0: Ball 2-0: Ball 3-0: Base on Balls
|
|
Batting: RHB Frank Caulfield
|
0-0: Grounds into double play, 6-4-3 (Groundball, 6, EV 112.5 MPH)
|
| Top of the 7th over - 0 runs, 0 hits, 0 errors, 0 left on base; Buffalo 4 - Rochester 0 |
| BOTTOM OF THE 7TH |
|
Rochester Red Wings batting - Pitching for Buffalo Bisons : RHP Douglas ten Pas
|
|
Batting: LHB Chris Munguia
|
0-0: Ball 1-0: Called Strike 1-1: Swinging Strike 1-2: Ball 2-2: Ball 3-2: Base on Balls
|
|
Batting: LHB Jayden Thomas
|
0-0: Called Strike Chris Munguia is caught stealing 2nd base 2-6 0-1: Ball 1-1: Ball 2-1: Foul Ball, location: 2F 2-2: Fly out, F8 (Flyball, 8RM, EV 93.8 MPH)
|
|
Batting: RHB Juan Espinoza
|
0-0: Fly out, F4 (Popup, 34, EV 74.4 MPH)
|
| Bottom of the 7th over - 0 runs, 0 hits, 0 errors, 0 left on base; Buffalo 4 - Rochester 0 |
| TOP OF THE 8TH |
|
Buffalo Bisons batting - Pitching for Rochester Red Wings : RHP Justin Gorden
|
|
Batting: SHB Dominik Hasek II
|
0-0: Fly out, F9 (Line Drive, 9D, EV 92.5 MPH)
|
|
Batting: RHB Alex Ramos
|
0-0: Ball 1-0: Ball 2-0: Ball 3-0: Base on Balls
|
|
Batting: RHB Kyle Scruggs
|
0-0: Called Strike Alex Ramos is caught stealing 2nd base 2-4 0-1: Ball 1-1: Swinging Strike 1-2: Ball 2-2: Strikes out swinging
|
| Top of the 8th over - 0 runs, 0 hits, 0 errors, 0 left on base; Buffalo 4 - Rochester 0 |
| BOTTOM OF THE 8TH |
|
Rochester Red Wings batting - Pitching for Buffalo Bisons : RHP Douglas ten Pas
|
|
Batting: SHB Manny Molina
|
0-0: SOLO HOME RUN (Line Drive, 9D, EV 93.8 MPH), Distance : 366 ft
|
|
Batting: RHB Manuel Juarez
|
0-0: Called Strike 0-1: Swinging Strike 0-2: Ball 1-2: Ball 2-2: Fly out, F7 (Flyball, 7S, EV 84.4 MPH)
|
|
Batting: RHB Mike Craver
|
0-0: Called Strike 0-1: Swinging Strike 0-2: Ball 1-2: Strikes out swinging
|
|
Batting: RHB Ryan Gautney
|
0-0: Ball 1-0: Fly out, F8 (Flyball, 8LM, EV 96.2 MPH)
|
| Bottom of the 8th over - 1 run, 1 hit, 0 errors, 0 left on base; Buffalo 4 - Rochester 1 |
| TOP OF THE 9TH |
|
Buffalo Bisons batting - Pitching for Rochester Red Wings : RHP Justin Gorden
|
|
Pitching: RHP Alex Rushton
|
|
|
Batting: RHB Leo Mair
|
0-0: Called Strike 0-1: SINGLE (Flyball, 4MD, EV 94.4 MPH)
|
|
Batting: LHB Gabe Pace
|
0-0: Bunted foul 0-1: Ball 1-1: Bunt missed! 1-2: 2-RUN HOME RUN (Flyball, 89XD, EV 105.0 MPH), Distance : 404 ft
|
|
Batting: RHB Väinö Tapaninen
|
0-0: Ball 1-0: Ball 2-0: Swinging Strike 2-1: Ball 3-1: SINGLE (Groundball, 5S, EV 69.4 MPH) (infield hit)
|
|
Batting: RHB Bryan Peterson
|
0-0: Swinging Strike 0-1: Swinging Strike 0-2: Ball 1-2: Strikes out looking
|
|
Batting: RHB Michel Martineau
|
0-0: Ball 1-0: Ball 2-0: Foul Ball, location: 2F 2-1: SINGLE (Line Drive, 9S, EV 85.0 MPH) Väinö Tapaninen to second Runner from 2nd tries for 3rd, SAFE, throw by RF made to third
|
|
Batting: RHB Frank Caulfield
|
0-0: Called Strike 0-1: Ball 1-1: Ball 2-1: Foul Ball, location: 2F 2-2: Ball 3-2: Fly out, F8 (Flyball, 8LXD, EV 108.1 MPH) Runner from 3rd tags up, SCORES, no throw by CF
|
|
Batting: SHB Dominik Hasek II
|
0-0: Swinging Strike Michel Martineau steals 2nd base (no throw) 0-1: Ball 1-1: Foul Ball, location: 2F 1-2: Strikes out swinging
|
| Top of the 9th over - 3 runs, 4 hits, 0 errors, 1 left on base; Buffalo 7 - Rochester 1 |
| BOTTOM OF THE 9TH |
|
Rochester Red Wings batting - Pitching for Buffalo Bisons : RHP Douglas ten Pas
|
|
Batting: RHB Cyril Husson
|
0-0: Called Strike 0-1: Ball 1-1: Swinging Strike 1-2: Strikes out swinging
|
|
Batting: SHB Ian Thompson
|
0-0: Called Strike 0-1: Ball 1-1: Ground out 4-3 (Groundball, 4, EV 83.1 MPH)
|
|
Batting: LHB Chris Munguia
|
0-0: Ball 1-0: Fly out, F8 (Flyball, 8LXD, EV 91.2 MPH)
|
| Bottom of the 9th over - 0 runs, 0 hits, 0 errors, 0 left on base; Buffalo 7 - Rochester 1 |
|